 Dungeon Crawl Stone Soup version 0.24.0-29-g8ce449bc06 (webtiles) character file.

Game seed: 17687672746646561742, levelgen mode: deterministic

164 FishyPogo the Skirmisher (level 5, -9/42 HPs)
             Began as a Demonspawn Monk on Nov 15, 2019.
             Was a Believer of Makhleb.
             Killed by nerve-wracking pain
             ... invoked by Grinder
              (11 damage)
             ... while paralysed by Grinder
             ... on level 3 of the Dungeon.
             The game lasted 00:10:42 (2493 turns).

FishyPogo the Skirmisher (Demonspawn Monk)          Turns: 2493, Time: 00:10:43

Health: -9/42      AC:  5    Str: 11    XL:     5   Next: 21%
Magic:  6/6        EV:  2    Int: 11    God:    Makhleb [**....]
Gold:   114        SH:  0    Dex: 17    Spells: 4/4 levels left

rFire    . . .     SeeInvis .   a - +0 falchion
rCold    . . .     Gourm    .   (no shield)
rNeg     . . .     Faith    .   b - +0 robe
rPois    .         Spirit   .   (no helmet)
rElec    .         Reflect  .   (no cloak)
rCorr    .         Harm     .   (no gloves)
MR       .....                  (no boots)
Stlth    +++.......             (no amulet)
HPRegen  0.14/turn              (no ring)
MPRegen  0.10/turn              (no ring)

@: paralysed, flying
A: icy blue scales 2, nightstalker 1
a: Minor Destruction, Renounce Religion


You were on level 3 of the Dungeon.
You worshipped Makhleb.
Makhleb was pleased with you.
You were not hungry.

You visited 1 branch of the dungeon, and saw 3 of its levels.

You collected 114 gold pieces.

Inventory:

Hand Weapons
 a - a +0 falchion (weapon)
Missiles
 e - 83 stones
 i - 11 poisoned darts (quivered)
Armour
 b - a +0 robe (worn)
Scrolls
 d - 2 scrolls of amnesia {unknown}
 f - 2 scrolls of fog {unknown}
 g - 3 scrolls of identify {unknown}
 k - a scroll of teleportation {unknown}
Comestibles
 c - 6 rations
 j - 3 chunks of flesh


   Skills:
 * Level 4.2 Fighting
 - Level 3.0 Long Blades
 + Level 3.5 Dodging
 + Level 2.6 Stealth
 * Level 2.2 Invocations


You had 4 spell levels left.
You didn't know any spells.
Your spell library was empty.

Dungeon Overview and Level Annotations

Branches:
Dungeon (3/15)

Altars:
Kikubaaqudgha
Makhleb
Xom
Zin

Shops:
D:2 *

Annotations:
D:3 Grinder


Innate Abilities, Weirdness & Mutations

You are mostly covered in icy blue scales. (AC +3)
You are slightly more attuned to the shadows.


Message History

Aim: Grinder (heavily wounded)
You throw a poisoned dart.
The poisoned dart barely misses Grinder.
You hear a splash.
Grinder hits you but does no damage.
You closely miss Grinder.
Grinder is heavily wounded.
Grinder closely misses you.
You riposte.
You barely miss Grinder.
Grinder is heavily wounded.
You closely miss Grinder.
Grinder is heavily wounded.
Grinder gestures at you.
You suddenly lose the ability to move!
Grinder hits you.
* * * LOW HITPOINT WARNING * * *
You writhe in agony.
* * * LOW HITPOINT WARNING * * *
Grinder gestures at you. Pain shoots through your body!
You die...

......≈≈≈#.#......
..8....≈≈#........
#≈...##.##...≈#......##
#≈...#...#...≈#......#
+...8..8..8((('......#
#≈...#...#...≈#......#
#≈...##.##...≈#......#
#≈≈....8....≈≈#......#
#≈≈≈.5@....≈≈≈#.######
#≈≈≈≈.....≈≈≈≈#.#
#≈≈≈≈≈≈.≈≈≈≈≈≈#.#
#######+#######


You could see Grinder.

Vanquished Creatures
  3 gnolls (D:3)
  8 adders
  2 oozes
  2 worms
  3 dart slugs
  A leopard gecko (D:2)
  A ball python (D:1)
  4 giant cockroaches
  5 goblins
  2 hobgoblins
  4 jackals (D:2)
  4 bats
  A frilled lizard (D:1)
  3 kobolds
  5 rats
48 creatures vanquished.

Notes
Turn   | Place    | Note
-------+----------+-------------------------------------------
     0 | D:1      | FishyPogo the Demonspawn Monk began the quest for the Orb.
     0 | D:1      | Reached XP level 1. HP: 18/18 MP: 1/1
   287 | D:1      | Gained mutation: You are partially covered in icy blue
                  | scales. (AC +2) [demonic ancestry]
   287 | D:1      | Reached XP level 2. HP: 24/24 MP: 2/2
  1043 | D:2      | Gained mutation: You are mostly covered in icy blue scales.
                  | (AC +3) [demonic ancestry]
  1043 | D:2      | Reached XP level 3. HP: 21/29 MP: 3/3
  1395 | D:2      | Found a burning altar of Makhleb.
  1401 | D:2      | Became a worshipper of Makhleb the Destroyer
  1401 | D:2      | Reached * piety under Makhleb
  1401 | D:2      | Reached ** piety under Makhleb
  1508 | D:2      | Found Zin's Purification Station.
  1511 | D:2      | Found a glowing silver altar of Zin.
  1536 | D:2      | Reached XP level 4. HP: 35/37 MP: 4/4
  1926 | D:2      | Reached skill level 1 in Invocations
  1949 | D:2      | Found a shimmering altar of Xom.
  2033 | D:3      | Found an ancient bone altar of Kikubaaqudgha.
  2054 | D:3      | Reached skill level 4 in Fighting
  2183 | D:3      | Gained mutation: You are slightly more attuned to the
                  | shadows. [demonic ancestry]
  2183 | D:3      | Reached XP level 5. HP: 41/42 MP: 6/6
  2409 | D:3      | Noticed Grinder
  2474 | D:3      | Paralysed by Grinder for 3 turns
  2480 | D:3      | Paralysed by Grinder for 7 turns
  2491 | D:3      | Paralysed by Grinder for 6 turns
  2492 | D:3      | HP: 2/42 [Grinder (5)]
  2493 | D:3      | Killed from afar by Grinder

Levels and vault maps discovered:
D:1:      elethiomel_arrival_infinity_welcomes_careful_drivers, layout_basic,
          corexii_corridor_pit
D:2:      layout_basic, zin_purify, bloody_makhleb,
          hangedman_abyss_or_decor_stabs, xom_teletrap_fun
D:3:      layout_basic, kiku_gazebo_garden_becter, lemuel_crystal_altar,
          first_ration, kennysheep_generic_room_2, uniq_grinder

Skill      XL: |  1  2  3  4 |
---------------+-------------+-----
Stealth        | 2 |  2.6
Dodging        | 3 |  3.5
Long Blades    | 3 |  3.0
Invocations    | 2 |  2.2
Fighting       | 4 |  4.2

Action                   |  1- 3 |  4- 6 || total
-------------------------+-------+-------++-------
Melee: Falchion          |   105 |    76 ||   181
Throw: Dart              |    20 |    13 ||    33
       Stone             |     1 |       ||     1
Invok: Minor Destruction |     2 |    26 ||    28
  Use: Potion            |       |     1 ||     1
 Stab: Sleeping          |     4 |     2 ||     6
       Distracted        |     1 |       ||     1
  Eat: Chunk             |     2 |     3 ||     5
Armor: Robe              |    42 |    17 ||    59
Dodge: Dodged            |    77 |    66 ||   143
       Rpst.: Falchion   |    17 |    13 ||    30
